 Dungeon Crawl Stone Soup version 0.25.0-45-g978344163c (webtiles) character file.

Game seed: 10969546878487613366

1525 AvylaarBelgium the Thaumaturge (level 8, -10/41 HPs)
             Began as a Deep Elf Air Elementalist on July 11, 2020.
             Was a Believer of Vehumet.
             Mangled by an orc warrior
             ... wielding a +0 glaive
              (31 damage)
             ... on level 6 of the Dungeon.
             The game lasted 00:20:46 (4615 turns).

AvylaarBelgium the Thaumaturge (DEAE)               Turns: 4615, Time: 00:20:46

Health: -10/41     AC:  2    Str:  5    XL:     8   Next: 54%
Magic:  16/23      EV: 14    Int: 23    God:    Vehumet [**....]
Gold:   261        SH:  0    Dex: 21    Spells: 10/25 levels left

rFire    x . .     SeeInvis .   u - +2 long sword (flame)
rCold    + . .     Gourm    .   (no shield)
rNeg     . . .     Faith    .   a - +0 robe
rPois    .         Spirit   .   (no helmet)
rElec    .         Reflect  .   y - scarf {harm}
rCorr    .         Harm     +   (no gloves)
MR       .....                  (no boots)
Stlth    +++.......             s - amulet of magic regeneration
HPRegen  0.13/turn              n - ring of ice (curse)
MPRegen  0.43/turn              l - +6 ring of dexterity

@: no status effects
A: no striking features
a: Renounce Religion


You were on level 6 of the Dungeon.
You worshipped Vehumet.
Vehumet was pleased with you.
You were hungry.

You visited 1 branch of the dungeon, and saw 6 of its levels.

You collected 261 gold pieces.

Inventory:

Hand Weapons
 o - a +0 hunting sling
 u - a +2 long sword of flaming (weapon)
Missiles
 k - 9 poisoned darts (quivered)
Armour
 a - a +0 robe (worn)
 y - a scarf of harm (worn)
Jewellery
 l - a +6 ring of dexterity (right hand)
 n - a cursed ring of ice (left hand)
 s - an amulet of magic regeneration (around neck)
 w - an uncursed ring of ice
Wands
 t - a wand of digging (4)
Scrolls
 b - a scroll of fog {unknown}
 d - 7 scrolls of identify {unknown}
 f - a scroll of magic mapping {unknown}
 h - 4 scrolls of teleportation {unknown}
 i - a scroll of holy word {unknown}
 m - a scroll of blinking {unknown}
 p - a scroll of enchant weapon {unknown}
 r - a scroll of fear {unknown}
 v - a scroll of remove curse {unknown}
Potions
 e - 2 potions of heal wounds
 g - 2 potions of resistance {unknown}
 j - a potion of mutation {unknown}
 q - a potion of lignification {unknown}
 x - a potion of curing {unknown}
Comestibles
 c - 13 rations
 z - 10 chunks of flesh


   Skills:
   Level 0.2 Maces & Flails
 - Level 3.1 Dodging
 - Level 2.6 Stealth
 * Level 9.2 Spellcasting
 + Level 6.7 Conjurations
 + Level 6.1 Air Magic


You had 10 spell levels left.
You knew the following spells:

 Your Spells              Type           Power        Failure   Level  Hunger
a - Shock                 Conj/Air       ####         1%          1    None
b - Swiftness             Chrm/Air       ###.....     2%          2    None
c - Static Discharge      Conj/Air       #####...     1%          3    None
d - Airstrike             Air            #####.....   4%          4    ##.....
e - Lightning Bolt        Conj/Air       #####.....   12%         5    ####...

Your spell library contained the following spells:

 Spells                   Type           Power        Failure   Level  Hunger
 Searing Ray              Conj           #####.       1%          2    None


Dungeon Overview and Level Annotations

Branches:
Dungeon (6/15)             Temple (0/1) D:4

Altars:
Elyvilon
Hepliaklqana
Okawaru
Vehumet
Yredelemnul

Shops:
D:4 :(**

Annotations:
D:1 exclusion: downstairs


Message History

The zap hits the orc wizard.
The orc wizard is lightly wounded.
The zap hits the orc wizard but does no damage.
The orc wizard is lightly wounded.
The orc warrior hits you from afar with a +0 glaive!
Casting: Shock (safe; 1% risk of failure)
Confirm with . or Enter, or press ? or * to list all spells.
The spell is quite dangerous to cast (12% risk of failure)!
Continue anyway?
Aiming: Lightning Bolt (quite dangerous; 12% risk of failure)
Press: ? - help, Shift-Dir - straight line, p - orc wizard You hear a mighty clap of thunder!
The bolt of lightning misses the orc warrior.
The bolt of lightning hits the orc wizard!
You kill the orc wizard!
Vehumet accepts your kill.
You are feeling hungry.
You hear a shout!
The orc warrior hits you from afar with a +0 glaive!!
Ouch! That really hurt!
You die...

#.# #.#....# #.. #.#
#..###.## ### #.# #.##
##.##### #.# #.#
#...... #.# #.##
##..#### #.#
#..###...#
#.#####.######....####
#.............>...#
#####oo.@......#..#
#)##########..# #)#
#..# #.# #..#
#o######## #...
#......... ...#.
#o!...#### #o..o.....
#.....####


You could see an orc warrior and an orc.

Vanquished Creatures
  Eustachio (D:6)
  2 orc warriors (D:6)
  3 ogres
  A centaur (D:5)
  A bullfrog (D:4)
  2 scorpions
  2 crimson imps
  2 hounds
  An orc priest (D:5)
  5 orc wizards
  Terence (D:2)
  2 iguanas (D:4)
  4 worker ants
  4 gnolls
  A howler monkey skeleton (D:4)
  7 adders
  A shadow imp (D:5)
  An ooze (D:1)
  2 adder skeletons (D:5)
  3 worms
  A dart slug (D:2)
  2 leopard geckos
  12 orcs
  A ball python (D:4)
  8 bats
  8 giant cockroaches
  5 goblins
  8 hobgoblins
  3 jackals (D:1)
  2 quokkas
  4 frilled lizards
  A goblin skeleton (D:6)
  A hobgoblin zombie (D:6)
  A jackal skeleton (D:6)
  5 kobolds
  An orc skeleton (D:6)
  A quokka zombie (D:5)
  5 rats
115 creatures vanquished.

Notes
Turn   | Place    | Note
-------+----------+-------------------------------------------
     0 | D:1      | AvylaarBelgium the Deep Elf Air Elementalist began the
                  | quest for the Orb.
     0 | D:1      | Reached XP level 1. HP: 10/10 MP: 6/6
   258 | D:1      | Reached XP level 2. HP: 15/15 MP: 0/8
   550 | D:1      | Reached XP level 3. HP: 11/19 MP: 1/10
   752 | D:1      | Learned a level 2 spell: Swiftness
   756 | D:1      | Learned a level 3 spell: Static Discharge
   853 | D:2      | Noticed Terence
  1052 | D:2      | Reached XP level 4. HP: 14/24 MP: 5/11
  1149 | D:2      | Killed Terence
  1149 | D:2      | Reached skill level 4 in Spellcasting
  1558 | D:2      | Found a hazy altar of Hepliaklqana.
  1694 | D:2      | Found a radiant altar of Vehumet.
  1694 | D:2      | Found an iron altar of Okawaru.
  1698 | D:2      | Became a worshipper of Vehumet
  1980 | D:4      | Found a staircase to the Ecumenical Temple.
  2049 | D:4      | Reached XP level 5. HP: 13/28 MP: 5/13
  2257 | D:4      | Reached skill level 5 in Spellcasting
  2257 | D:4      | Reached XP level 6. HP: 20/32 MP: 7/15
  2410 | D:4      | Found Tuoch's Assorted Antiques.
  2638 | D:4      | Found Riafit Imuo's General Store.
  2664 | D:4      | Reached skill level 5 in Conjurations
  2664 | D:4      | Reached XP level 7. HP: 20/36 MP: 9/17
  2699 | D:4      | Reached * piety under Vehumet
  2699 | D:4      | Offered knowledge of Magic Dart by Vehumet.
  2705 | D:4      | Learned a level 4 spell: Airstrike
  2705 | D:4      | Found Ettyfen's Book Emporium.
  2772 | D:4      | Found Goff's Antique Weapon Shoppe.
  2868 | D:4      | Reached skill level 6 in Spellcasting
  2946 | D:5      | Entered Level 5 of the Dungeon
  2971 | D:5      | Reached skill level 5 in Air Magic
  3256 | D:5      | Reached skill level 7 in Spellcasting
  3399 | D:5      | Found a white marble altar of Elyvilon.
  4127 | D:6      | Reached XP level 8. HP: 18/41 MP: 12/21
  4130 | D:6      | Reached skill level 8 in Spellcasting
  4433 | D:6      | Noticed Eustachio
  4436 | D:6      | Killed Eustachio
  4493 | D:6      | Found a basalt altar of Yredelemnul.
  4516 | D:6      | Learned a level 5 spell: Lightning Bolt
  4563 | D:6      | Reached ** piety under Vehumet
  4563 | D:6      | Reached skill level 9 in Spellcasting
  4570 | D:6      | Offered knowledge of Searing Ray by Vehumet.
  4615 | D:6      | Mangled by an orc warrior

Illustrated notes

Levels and vault maps discovered:
D:1:      lightli_arrival_noodles, layout_loops_ring
D:2:      wander_river, layout_basic, overflow_temple_1_default,
          gammafunk_temple_overflow_wave, first_ration, uniq_terence
D:3:      layout_rooms, minivault_25
D:4:      layout_cave_pools, minmay_temple_entry_mist, serial_shops, shop,
          nicolae_shop_crystal, nicolae_shop_stone, nicolae_shop_crystal,
          minivault_4
D:5:      layout_layer_cave, elyvilon_altar_1
D:6:      layout_loops_ring, nicolae_tso_besieged_by_evil, kennysheep_mini_moat,
          dk_rats_in_the_wall, uniq_eustachio

Skill      XL: |  1  2  3  4  5  6  7  8 |
---------------+-------------------------+-----
Dodging        | 3 |  3.1
Conjurations   | 2 3 4 5 6 |  6.7
Spellcasting   | 4 5 7 9 |  9.2
Air Magic      | 4 5 6 |  6.1
Maces & Flails | |  0.2
Stealth        | |  2.6

Action                   |  1- 3 |  4- 6 |  7- 9 || total
-------------------------+-------+-------+-------++-------
Melee: Unarmed           |    17 |       |       ||    17
       Whip              |    18 |     6 |     1 ||    25
       Long sword        |       |       |     8 ||     8
Throw: Dart              |       |     2 |       ||     2
 Cast: Shock             |    56 |   102 |   104 ||   262
       Static Discharge  |     2 |     5 |    10 ||    17
       Airstrike         |       |       |     8 ||     8
       Lightning Bolt    |       |       |     1 ||     1
  Use: Potion            |     1 |       |       ||     1
 Stab: Sleeping          |     1 |       |       ||     1
  Eat: Chunk             |       |     6 |     6 ||    12
Armor: Robe              |     7 |     9 |     3 ||    19
Dodge: Dodged            |    43 |    61 |    18 ||   122
       Rpst.: Long sword |       |       |     3 ||     3
